Map: Torches LE

Players

ShoWTimE

  • Race: Protoss Protoss
  • Spawn Location: 1:00

SHIN - Winner!

  • Race: Zerg Zerg
  • Spawn Location: 5:00

Event: DreamHack Dallas 2025

VOD

Have the link to the VOD?

Description

Time

  • Played on: May 24, 2025, 4:55 p.m.
  • Length: 20:09

All games in this series

Show
View Real Time Build Order
Export as new Build Order

ShoWTimE Protoss 

Build Orders: 1 Gate Expand, Oracle Opening 

Get SALT Encoding   

  12  0:00  Probe  
  13  0:12  Probe  
  14  0:20  Pylon  
  14  0:24  Probe  
  15  0:35  Probe  
  15  0:42  Gateway  
  16  0:43  Probe  
  17  0:50  Assimilator  
  17  0:52  Probe  
  18  1:05  Probe  
  19  1:17  Probe  
  20  1:27  Nexus  
  20  1:38  Cybernetics Core  
  20  1:40  Probe  
  20  1:45  Assimilator  
  21  1:52  Probe  
  22  1:55  Pylon  
  22  2:04  Adept  
  22  2:05  Probe  
  25  2:17  Probe  
  26  2:24  Stargate, Adept  
  26  2:29  Probe  
  27  2:35  Probe  
  29  2:37  Warp Gate  
  29  2:41  Probe  
  29  2:43  Probe  
  32  2:53  Probe x2  
  32  2:54  Adept  
  36  3:01  Oracle  
  36  3:03  Pylon  
  36  3:05  Probe x2  
  41  3:17  Probe x2  
  43  3:29  Probe x2  
  43  3:33  Oracle  
  45  3:36  Adept  
  45  3:39  Gateway  
  45  3:41  Probe x2  
  50  3:53  Probe  
  50  3:54  Pylon, Probe  
  52  4:02  Nexus  
  52  4:03  Oracle  
  52  4:06  Probe x2  
  54  4:11  Pylon  
  57  4:19  Probe, Assimilator  
  57  4:20  Probe  
  57  4:21  Assimilator  
  59  4:28  Adept  
  61  4:31  Probe  
  61  4:32  Probe  
  63  4:42  Adept  
  63  4:43  Probe  
  63  4:45  Probe  
  61  4:54  Probe  
  61  4:55  Forge, Probe, Adept  
  61  4:57  Twilight Council  
  65  5:02  Probe  
  65  5:03  Gateway  
  65  5:04  Gateway  
  66  5:07  Probe  
  66  5:08  Blink  
  66  5:11  Probe, Adept  
  66  5:17  Probe  
  66  5:18  Protoss Ground Weapons Level 1  
  66  5:19  Probe  
  66  5:21  Adept  
  71  5:23  Probe  
  71  5:28  Gateway  
  72  5:29  Gateway, Probe  
  72  5:31  Shield Battery  
  72  5:32  Probe  
  72  5:35  Probe  
  75  5:41  Probe  
  76  5:45  Probe  
  76  5:47  Probe  
  76  5:49  Pylon  
  78  5:53  Probe  
  79  6:01  Stalker x3  
  79  6:02  Stalker  
  79  6:05  Oracle  
  79  6:06  Probe, Assimilator  
  79  6:09  Photon Cannon  
  79  6:10  Assimilator  
  83  6:16  Pylon  
  84  6:19  Probe  
  84  6:27  Gateway, Templar Archives  
  84  6:28  Stalker x2  
  84  6:32  Gateway  
  88  6:33  Stalker x2  
  88  6:36  Stalker  
  88  6:38  Stalker  
  96  6:42  Probe  
  96  6:43  Pylon  
  97  6:52  Psionic Storm  
  97  6:55  Photon Cannon  
  97  6:56  Pylon  
  97  7:02  Stalker x2  
  97  7:04  High Templar  
  103  7:10  Pylon  
  103  7:13  Protoss Ground Weapons Level 2  
  103  7:15  High Templar  
  105  7:24  Charge  
  103  7:30  Probe  
  103  7:32  Zealot  
  103  7:36  Zealot x2  
  103  7:37  Zealot x2  
  112  7:42  Nexus  
  114  7:44  Pylon  
  114  7:46  High Templar  
  114  7:51  High Templar  
  118  7:58  Pylon  
  118  8:02  Pylon  
  118  8:05  Photon Cannon  
  118  8:06  Zealot x6  
  118  8:07  Shield Battery  
  118  8:10  Photon Cannon  
  118  8:12  Photon Cannon  
  130  8:13  Shield Battery  
  130  8:16  Probe x3  
  133  8:20  Robotics Facility  
  133  8:25  Assimilator  
  133  8:28  Fleet Beacon, Probe x3, High Templar  
  133  8:29  Assimilator  
  138  8:37  Stargate  
  138  8:40  Probe x2  
  140  8:45  Probe  
  140  8:46  Pylon  
  141  8:48  High Templar x2  
  141  8:52  Probe x2  
  141  8:53  Pylon, Archon  
  141  8:55  Stalker x2  
  151  9:00  Zealot x3  
  157  9:09  Photon Cannon  
  157  9:10  Photon Cannon  
  157  9:12  Shield Battery  
  157  9:17  High Templar  
  159  9:20  High Templar  
  161  9:25  Archon, Photon Cannon  
  161  9:29  High Templar  
  161  9:30  High Templar, Zealot x4  
  171  9:34  Archon  
  171  9:41  Photon Cannon  
  159  9:49  Zealot  
  125  9:53  Zealot x4  
  125  9:54  Mothership  
  125  9:58  Zealot  
  138  10:03  Zealot x2  
  118  10:10  Zealot  
  112  10:14  Zealot  
  112  10:15  Zealot x2  
  98  10:22  Zealot x2  
  84  10:29  High Templar x2  
  84  10:34  High Templar x2  
  88  10:35  High Templar  
  88  10:36  High Templar, Zealot x2  
  88  10:40  Archon x2  
  82  11:01  High Templar  
  82  11:02  High Templar, Zealot x2  
  90  11:07  Archon  
  90  11:09  Zealot x3  
  96  11:16  Photon Cannon  
  96  11:17  Stalker, Nexus  
  98  11:19  Photon Cannon  
  98  11:20  Pylon, Nexus  
  98  11:23  Archon  
  93  11:31  Pylon, High Templar x4  
  84  11:35  Archon  
  80  11:41  Probe x2  
  82  11:53  Probe x2, High Templar  
  86  11:54  High Templar  
  86  11:59  Archon  
  88  12:05  Probe x2  
  88  12:08  Zealot x4  
  94  12:17  Probe x2  
  94  12:19  Zealot  
  98  12:23  High Templar  
  98  12:29  Probe, High Templar  
  103  12:30  Zealot x2  
  103  12:32  Zealot x3  
  113  12:48  Nexus  
  113  12:49  High Templar  
  108  12:59  Probe  
  108  13:00  High Templar  
  111  13:06  Archon  
  93  13:15  Nexus  
  93  13:16  High Templar  
  93  13:17  High Templar  
  97  13:21  Pylon, Archon  
  97  13:35  High Templar  
  99  13:42  Probe x2  
  99  13:43  High Templar  
  99  13:48  Zealot x2  
  107  13:53  Zealot x2  
  107  13:54  Zealot x2  
  103  14:12  Observer  
  103  14:14  Stalker x3  
  109  14:38  Zealot x3  
  113  14:50  Observer  
  114  14:55  Zealot x3  
  114  14:57  Zealot  
  122  15:00  High Templar  
  116  15:16  High Templar x2, Zealot  
  116  15:21  Archon  
  122  15:44  High Templar x3  
  127  16:12  Observer, Pylon  
  127  16:14  Pylon  
  127  16:16  Pylon  
  127  16:47  High Templar  
  127  16:52  Nexus  
  129  16:58  High Templar, Zealot  
  133  17:05  Archon  
  132  17:25  High Templar x2  
  118  17:40  Oracle  
  113  18:23  Nexus  
  100  19:12  High Templar  
  100  19:14  High Templar, Zealot x3  
  110  19:18  Archon  
  104  20:02  Nexus  
Show
View Real Time Build Order
Export as new Build Order

SHIN Zerg - Winner!

Build Orders: Hatch First, Lurkers 

Get SALT Encoding   

  12  0:00  Drone  
  13  0:08  Drone  
  14  0:15  Drone, Extractor  
  15  0:35  Hatchery  
  14  0:38  Extractor  
  14  0:40  Drone  
  15  0:46  Overlord  
  15  1:04  Drone x3  
  18  1:12  Spawning Pool  
  18  1:16  Drone  
  18  1:18  Extractor  
  17  1:26  Drone  
  18  1:37  Drone  
  19  1:48  Drone x2  
  21  1:59  Queen x2  
  21  2:00  Zergling x2  
  26  2:05  Overlord  
  26  2:08  Drone  
  27  2:11  Drone  
  28  2:20  Metabolic Boost  
  28  2:24  Drone x2  
  30  2:30  Drone  
  30  2:31  Zergling x2  
  32  2:43  Hatchery  
  31  2:49  Queen  
  33  2:53  Overlord  
  33  2:56  Zergling x2  
  34  2:59  Zergling x2  
  34  3:00  Zergling x2  
  36  3:13  Drone x6  
  41  3:21  Drone  
  41  3:25  Drone  
  41  3:32  Spore Crawler  
  41  3:34  Drone x2  
  41  3:38  Drone x3  
  43  3:49  Drone, Overlord  
  43  3:54  Queen  
  47  3:55  Drone  
  47  3:56  Drone x2  
  48  4:04  Queen, Spore Crawler  
  48  4:07  Drone, Overlord  
  48  4:08  Drone  
  51  4:12  Drone x2  
  51  4:15  Spore Crawler  
  52  4:18  Zergling x4  
  52  4:22  Zergling x6  
  57  4:27  Drone, Evolution Chamber  
  57  4:28  Drone  
  57  4:29  Drone  
  59  4:36  Drone x4  
  62  4:39  Drone  
  62  4:42  Drone x3  
  62  4:44  Drone  
  65  4:45  Drone  
  65  4:54  Zerg Melee Weapons Level 1  
  65  4:56  Overlord  
  65  4:57  Overlord  
  65  4:59  Extractor  
  64  5:02  Drone, Overlord  
  65  5:10  Drone  
  65  5:11  Drone  
  65  5:13  Drone x2  
  64  5:16  Drone x5  
  64  5:20  Lair  
  67  5:22  Drone  
  67  5:26  Zergling x8  
  71  5:31  Zergling x2  
  71  5:33  Zergling x6, Extractor  
  74  5:37  Drone  
  74  5:42  Drone  
  76  5:43  Drone x3, Extractor  
  76  5:45  Hatchery  
  76  5:46  Drone  
  76  5:47  Drone  
  79  5:54  Drone x3  
  79  5:56  Drone  
  81  5:59  Drone  
  81  6:01  Drone x3  
  82  6:06  Drone  
  82  6:07  Drone, Extractor  
  82  6:08  Drone  
  84  6:12  Drone x3  
  84  6:14  Extractor  
  86  6:19  Zergling x4, Hydralisk Den  
  86  6:21  Overlord  
  86  6:22  Overseer  
  86  6:27  Zergling x2  
  86  6:29  Overlord  
  87  6:34  Zergling x4  
  87  6:35  Overlord x2  
  87  6:39  Overlord  
  89  6:42  Baneling Nest  
  88  6:47  Hydralisk x7  
  88  6:48  Zerg Missile Weapons Level 1  
  88  6:50  Muscular Augments  
  102  6:56  Hydralisk x2  
  104  7:03  Zergling x12  
  104  7:07  Overlord  
  110  7:10  Hydralisk, Zergling x2  
  110  7:11  Zergling x8  
  110  7:12  Zergling x2  
  110  7:14  Overlord  
  118  7:16  Overlord  
  118  7:20  Hydralisk x2  
  114  7:24  Hydralisk  
  114  7:25  Hydralisk  
  114  7:28  Hydralisk  
  117  7:31  Drone  
  117  7:32  Drone x3  
  117  7:36  Drone x2  
  124  7:37  Drone x2  
  124  7:38  Drone x3  
  124  7:40  Drone x2  
  124  7:43  Drone  
  131  7:46  Centrifugal Hooks  
  131  7:49  Zergling x2  
  132  7:52  Zergling x6  
  132  7:53  Pneumatized Carapace  
  132  7:54  Grooved Spines  
  132  7:57  Zergling x2  
  136  8:02  Zergling x6  
  139  8:06  Zergling x6  
  139  8:11  Zergling x6  
  145  8:13  Zergling x4, Extractor  
  145  8:14  Zergling x2  
  145  8:15  Zergling x2  
  145  8:19  Zergling x2  
  144  8:22  Hydralisk  
  144  8:24  Overlord  
  144  8:25  Hydralisk  
  149  8:29  Hydralisk  
  149  8:33  Hydralisk  
  153  8:35  Hydralisk x3, Overlord  
  159  8:42  Overlord  
  159  8:43  Hatchery  
  159  8:47  Hydralisk x5  
  159  8:48  Hydralisk  
  166  8:51  Overlord  
  165  8:56  Zergling x4  
  165  8:58  Baneling x12  
  165  8:59  Zergling x8  
  171  9:03  Zergling x2  
  171  9:04  Zergling x6  
  171  9:06  Baneling x11  
  171  9:07  Zergling x2  
  171  9:08  Zergling x6  
  171  9:09  Zergling x2  
  180  9:12  Zergling x2  
  180  9:13  Zergling x2  
  180  9:15  Baneling x7  
  180  9:16  Baneling x3  
  182  9:19  Zergling x6  
  185  9:25  Zergling x6  
  185  9:26  Baneling x8  
  185  9:27  Baneling  
  185  9:28  Zergling x2  
  188  9:33  Zergling x2  
  188  9:34  Zergling x6  
  188  9:37  Zergling x2  
  191  9:44  Hydralisk x3  
  191  9:45  Hydralisk x3  
  183  9:46  Zergling x2  
  183  9:47  Zergling x2  
  183  9:50  Hydralisk  
  183  9:51  Hydralisk  
  164  9:54  Hydralisk  
  164  9:57  Zergling x6  
  164  9:59  Zergling x2  
  160  10:00  Zergling x2  
  160  10:03  Hydralisk  
  160  10:05  Hydralisk  
  151  10:08  Hydralisk x2  
  151  10:10  Zergling x2  
  151  10:11  Zergling x2  
  151  10:12  Zergling x2  
  153  10:14  Zergling x4  
  153  10:16  Zergling x4  
  153  10:18  Zergling x4  
  153  10:19  Zergling x2  
  155  10:21  Hydralisk  
  155  10:27  Hydralisk x2  
  151  10:29  Zergling x4  
  151  10:31  Zergling x2  
  151  10:32  Zergling x2  
  151  10:34  Baneling  
  151  10:35  Baneling x2  
  153  10:36  Baneling  
  153  10:37  Zergling x2  
  153  10:39  Zergling x2  
  153  10:42  Zergling x4  
  155  10:44  Zergling x4  
  155  10:45  Zergling x2  
  155  10:46  Zergling x2  
  155  10:47  Zergling x2  
  155  10:48  Zergling x2  
  152  10:53  Hydralisk x2  
  152  10:54  Hydralisk  
  140  10:57  Baneling x5  
  140  10:58  Zergling x2, Baneling  
  140  11:03  Baneling x8  
  141  11:04  Zergling x2  
  141  11:05  Zergling x2  
  141  11:06  Zergling x2  
  141  11:08  Zergling x2  
  141  11:09  Zergling x4  
  147  11:12  Zergling x4  
  147  11:16  Baneling x7  
  149  11:20  Zergling x6  
  149  11:22  Zergling x2  
  149  11:23  Zergling x4  
  149  11:24  Zergling x2  
  149  11:25  Zergling x2  
  155  11:27  Zergling x4  
  155  11:31  Drone x4  
  156  11:33  Zergling x2  
  156  11:37  Zerg Missile Weapons Level 2  
  156  11:39  Zergling x4  
  156  11:40  Infestation Pit  
  156  11:44  Overseer x2  
  156  11:45  Overseer  
  155  11:47  Baneling x12  
  155  11:48  Baneling  
  155  11:52  Zergling x2, Baneling x2  
  155  11:53  Zergling x6  
  159  11:56  Drone x3  
  159  11:58  Baneling x4  
  159  12:00  Zergling x4  
  159  12:01  Zergling x2  
  165  12:05  Overseer x3  
  165  12:07  Baneling x5  
  165  12:08  Zergling x10  
  164  12:16  Zergling x16  
  164  12:21  Spire  
  167  12:23  Zergling x6  
  167  12:25  Baneling x5  
  167  12:28  Zergling x8  
  174  12:33  Zergling x10  
  174  12:35  Zergling x4  
  181  12:39  Hydralisk x2  
  181  12:40  Zergling x4  
  181  12:42  Overlord  
  187  12:45  Zergling x6  
  186  12:57  Overlord  
  186  12:58  Drone  
  184  12:59  Drone  
  184  13:04  Drone  
  182  13:07  Hive  
  178  13:13  Hydralisk x5  
  178  13:17  Hatchery  
  178  13:19  Lurker Den  
  186  13:33  Drone x2  
  188  13:35  Extractor  
  188  13:36  Hatchery  
  188  13:37  Extractor  
  188  13:38  Drone x2  
  168  14:19  Spore Crawler  
  168  14:21  Drone x2, Spore Crawler  
  168  14:24  Zerg Missile Weapons Level 3  
  168  14:26  Lurker x12  
  168  14:27  Lurker  
  168  14:29  Drone x8  
  168  14:30  Hydralisk  
  168  14:31  Zergling x16  
  192  14:37  Hydralisk x3  
  192  14:38  Zergling x6  
  190  14:43  Seismic Spines  
  190  14:46  Spore Crawler  
  190  14:48  Zergling x2  
  190  14:49  Zergling x8  
  190  14:51  Overseer  
  194  15:02  Hydralisk  
  194  15:03  Zergling x6  
  199  15:08  Extractor  
  199  15:09  Extractor  
  186  15:14  Drone  
  186  15:15  Drone, Hydralisk, Zergling x18  
  199  15:40  Adaptive Talons  
  199  15:41  Lurker  
  198  16:08  Spire  
  198  16:10  Corruptor x3  
  195  16:11  Corruptor x2  
  195  16:15  Extractor  
  198  16:20  Overlord x4  
  198  16:25  Lurker Den  
  195  16:27  Overlord  
  195  16:30  Corruptor x2, Spore Crawler x3  
  195  16:31  Corruptor, Spore Crawler  
  195  16:32  Drone  
  197  16:37  Overseer  
  197  16:43  Corruptor  
  199  16:49  Hatchery  
  198  17:04  Drone  
  198  17:05  Spawning Pool  
  198  17:18  Drone  
  180  17:30  Drone  
  180  17:35  Drone x3  
  180  17:36  Drone  
  184  17:38  Overseer  
  184  17:43  Extractor  
  183  17:47  Drone x2  
  184  18:01  Lair  
  184  18:07  Lurker x7  
  191  18:37  Overseer  
  180  18:47  Drone x2  
  169  19:01  Hydralisk Den  
  165  19:05  Overseer  
  165  19:09  Drone x2  
  168  19:10  Drone  
  168  19:12  Drone x3  
  171  19:29  Hatchery, Extractor  
  171  19:30  Extractor  
  165  19:33  Hydralisk x17  
  190  19:47  Overlord  
  190  20:06  Lurker x4  
Tags
 
Add a new tag
Caveats
  • Supply blocks, unpowered buildings, or Contaminate may cause inaccurate times.
  • Supply counts are checked every 10 seconds.